 Dungeon Crawl Stone Soup version 0.17-a0-1718-g72dbe4d (webtiles) character file.

205 kae the Slasher (level 5, 0/40 HPs)
             Began as a Minotaur Fighter on Aug 26, 2015.
             Succumbed to poison (a potion of poison)
             ... on level 3 of the Dungeon.
             The game lasted 00:01:20 (1485 turns).

kae the Slasher (Minotaur Fighter)                  Turns: 1485, Time: 00:01:20

Health: 0/40       AC:  6    Str: 20    XL:     5   Next: 52%
Magic:  4/4        EV:  7    Int:  6    God:
Gold:   69         SH:  9    Dex: 10    Spells: 0 memorised, 4 levels left

rFire  . . .     SeeInvis .     a - +0 long sword
rCold  . . .     Clarity  .     b - +0 scale mail
rNeg   . . .     SustAt   .     c - +0 shield
rPois  .         Gourm    .     (helmet restricted)
rElec  .         Spirit   .     (no cloak)
rCorr  .         Warding  .     (no gloves)
rMut   .         Stasis   .     (no boots)
MR     +....                    (no amulet)
Stlth  ..........               (no ring)
                                (no ring)

@: lethally poisoned (0 -> -8), somewhat resistant to hostile enchantments,
extremely unstealthy
A: retaliatory headbutt, horns 2, frail 1, magic resistance 1, evolution 1
a: no special abilities


You were on level 3 of the Dungeon.
You were very hungry.

You visited 1 branch of the dungeon, and saw 3 of its levels.

You collected 69 gold pieces.

Inventory:

Hand weapons
 a - a +0 long sword (weapon)
Armour
 b - a +0 scale mail (worn)
 c - a +0 shield (worn)
Jewellery
 n - an uncursed ring of wizardry {unknown}
Scrolls
 h - a scroll of teleportation {unknown}
 k - 2 scrolls of fog {unknown}
 l - a scroll of blinking {unknown}
 o - a scroll of amnesia {unknown}
 p - a scroll of identify {unknown}
 q - a scroll of remove curse {unknown}
Potions
 d - 2 potions of might
 j - a potion of poison
Comestibles
 e - 2 bread rations
 f - 2 slices of pizza
 m - 4 fruits


   Skills:
 - Level 3.6 Fighting
 + Level 7.1 Long Blades
 - Level 3.6 Armour
 - Level 3.6 Shields


You had 4 spell levels left.
You didn't know any spells.

Dungeon Overview and Level Annotations

Branches:
Dungeon (3/15)

Altars:
Cheibriados
Xom
Yredelemnul
Zin


Innate Abilities, Weirdness & Mutations

You reflexively headbutt those who attack you in melee.
You have a pair of horns on your head.
You are frail (-10% HP).
You are resistant to hostile enchantments.
You evolve.


Message History

* * * LOW HITPOINT WARNING * * *
You feel sick.
You are too injured to fight recklessly!
You are too injured to fight recklessly!
You are too injured to fight recklessly!
You are too injured to fight recklessly!
Unknown command.
You slash the orc!
You kill the orc!
* * * LOW HITPOINT WARNING * * *
You feel sick.
Unknown command.
* * * LOW HITPOINT WARNING * * *
You feel sick.
Your shield and scale mail prevent you from hitting the phantom.
You headbutt the phantom.
You destroy the phantom!
Your Long Blades skill increases to level 7!
You have reached level 5!
You die...

#.# #.# ########## #.#
#........# #.#
#........####+#####
#.###..............>..#
#................$....+
###########.....$.....#
#...........#
#.....@)....#
#...........#
#....<......#
.............#
....####+####.. ..(..#
.. #.....# ..


There were no monsters in sight!

Vanquished Creatures
  A phantom (D:3)
  Jessica (D:2)
  3 adders
  An ooze (D:1)
  2 worms (D:2)
  2 giant geckos
  An orc (D:3)
  4 bats
  3 giant cockroaches
  2 gnoll zombies (D:2)
  6 goblins
  6 hobgoblins
  6 jackals
  3 giant newts
  6 kobolds
  A quokka (D:2)
  2 rats
50 creatures vanquished.

Notes
Turn   | Place    | Note
--------------------------------------------------------------
     0 | D:1      | kae the Minotaur Fighter began the quest for the Orb.
     0 | D:1      | Reached XP level 1. HP: 19/19 MP: 0/0
    28 | D:1      | Reached XP level 2. HP: 26/26 MP: 1/1
   126 | D:1      | Reached skill level 4 in Long Blades
   336 | D:1      | Reached XP level 3. HP: 31/31 MP: 2/2
   410 | D:2      | Found a snail-covered altar of Cheibriados.
   503 | D:2      | Noticed Jessica
   511 | D:2      | Killed Jessica
   511 | D:2      | Reached skill level 5 in Long Blades
   567 | D:2      | Reached XP level 4. HP: 22/39 MP: 3/3
   827 | D:2      | Noticed an angel
   828 | D:2      | Found a glowing silver altar of Zin.
   828 | D:2      | Found a shimmering altar of Xom.
  1036 | D:2      | Found a basalt altar of Yredelemnul.
  1429 | D:3      | Noticed a phantom
  1436 | D:3      | Reached skill level 6 in Long Blades
  1472 | D:3      | Gained mutation: You are resistant to hostile enchantments. [potion of mutation]
  1472 | D:3      | Gained mutation: You evolve. [potion of mutation]
  1472 | D:3      | Gained mutation: You are frail (-10% HP). [potion of mutation]
  1484 | D:3      | HP: 1/35 [poison (a potion of poison)]
  1485 | D:3      | Killed a phantom
  1485 | D:3      | Reached skill level 7 in Long Blades
  1485 | D:3      | Reached XP level 5. HP: 1/40 MP: 4/4
  1485 | D:3      | Succumbed to poison (a potion of poison)

Vault maps used:
D:1:      dpeg_arrival_refuge
D:2:      grunt_temple_overflow_order_and_chaos_1,
          lemuel_zombie_altar_yredelemnul, nicolae_overflow_crystal_walls,
          uniq_jessica
D:3:      nicolae_qazlal_style_of_elements, grunt_gozag_breadcrumbs,
          overflow_temple_1_default

Action                   |  1- 3 |  4- 6 || total
-------------------------+-------+-------++-------
Melee: Long sword        |    73 |    70 ||   143
  Use: Potion            |       |     3 ||     3
  Eat: Chunk             |       |     1 ||     1
